 Dungeon Crawl Stone Soup version 0.30.0-17-ge0270778cf (webtiles) character file.

Game seed: 3085411316595904649

249 monsoonserge the Slasher (level 6, -9/46 HPs)
             Began as a Human Warper on May 21, 2023.
             Killed from afar by Ijyb (13 damage)
             ... with a bolt of dispelling energy
             ... on level 4 of the Dungeon.
             The game lasted 00:14:08 (3978 turns).

monsoonserge the Slasher (Human Warper)             Turns: 3978, Time: 00:14:09

Health: -9/46      AC:  3    Str: 11    XL:     6   Next: 34%
Magic:  9/9        EV: 12    Int: 13    God:
Gold:   117        SH:  0    Dex: 15    Spells: 4/9 levels left

rFire   . . .        a - +0 falchion
rCold   . . .        (no shield)
rNeg    . . .        b - +0 leather armour
rPois   .            (no helmet)
rElec   .            (no cloak)
rCorr   .            (no gloves)
SInv    .            (no boots)
Will    .....        (no amulet)
Stlth   +            (no ring)
HPRegen 0.27/turn    (no ring)
MPRegen 0.11/turn

%: no passive effects
@: no status effects
A: no striking features
a: no special abilities


You were on level 4 of the Dungeon.
You visited 1 branch of the dungeon, and saw 4 of its levels.

You collected 156 gold pieces.
You spent 39 gold pieces at shops.

Inventory:

Hand Weapons
 a - a +0 falchion (weapon)
Missiles
 d - 5 boomerangs of dispersal (quivered)
 e - 3 javelins
 x - 5 boomerangs
Armour
 b - a +0 leather armour (worn)
 t - a +0 ring mail
Jewellery
 j - an amulet of regeneration
Wands
 q - a wand of polymorph (5)
 s - a wand of charming (3)
Scrolls
 c - a scroll of blinking
 k - 2 scrolls of enchant weapon {unknown}
 m - a scroll of identify {unknown}
 p - 2 scrolls of poison {unknown}
 v - a scroll of vulnerability {unknown}
 y - a scroll of teleportation {unknown}
Potions
 f - a potion of degeneration {unknown}
 g - a potion of berserk rage {unknown}
 h - a potion of mutation {unknown}
 i - 2 potions of curing
 l - a potion of brilliance {unknown}
 n - a potion of heal wounds {unknown}
 o - 2 potions of cancellation {unknown}
 r - a potion of haste {unknown}
 u - a potion of flight {unknown}
 w - a potion of lignification {unknown}


   Skills:
 + Level 2.7 Fighting
 + Level 3.5 Long Blades
 + Level 1.0 Throwing
 * Level 3.3 Armour
 + Level 2.8 Dodging
 + Level 0.4 Stealth
 - Level 2.0 Spellcasting
 * Level 3.5 Translocations
 + Level 1.0 Evocations


You had 4 spell levels left.
You knew the following spells:

 Your Spells              Type           Power      Damage    Failure   Level
a - Blink                 Tloc           20%        N/A       12%         2
b - Teleport Other        Tloc           10%        N/A       22%         3

Your spell library contained the following spells:

 Spells                   Type           Power      Damage    Failure   Level
 Lesser Beckoning         Tloc           20%        N/A       12%         2
 Magic Dart               Conj           4%         1d3       32%         1
 Searing Ray              Conj           2%         2d4       43%         2
 Vhi's Electric Charge    Tloc/Air       10%        N/A       43%         3
 Manifold Assault         Tloc           10%        N/A       58%         4
 Fulminant Prism          Conj/Hex       0%         3d5       97%         4


Dungeon Overview and Level Annotations

Branches:
Dungeon (4/15)
 Temple: D:4-7

Altars:

Shops:
D:2 ?[!([

Annotations:
D:4 Dowan, Duvessa, Edmund, Ijyb


Message History

You hit the giant cockroach.
You kill the giant cockroach!
Found a scroll labelled CALIOL PEPH.
y - a scroll labelled CALIOL PEPH A kobold comes into view.
It is wielding a +0 dagger.
The kobold hits you with a +0 dagger.
You completely miss the kobold. The kobold hits you with a +0 dagger.
The kobold hits you but does no damage.
You hit the kobold.
You kill the kobold!
You see here a +0 dagger.
A shadow imp comes into view.
Ijyb the Twisted Goblin comes into view.
She is wielding a +0 dagger and carrying a wand of quicksilver (13).
Found a stone staircase leading down.
Ijyb shouts!
The shadow imp shouts, "Scamper away, thou bootless moon-mazed pigeon-egg!"
The shadow imp hits you. Ijyb barely misses you.
You closely miss Ijyb.
The shadow imp hits you but does no damage.
Ijyb zaps a wand.
The bolt of dispelling energy misses you.
You barely miss Ijyb. The shadow imp barely misses you.
Ijyb hits you with a +0 dagger.
You barely miss Ijyb. The shadow imp barely misses you.
Ijyb hits you with a +0 dagger.
You hit Ijyb.
Ijyb is lightly wounded.
The shadow imp barely misses you. Ijyb hits you with a +0 dagger.
You hit Ijyb.
Ijyb is moderately wounded.
The shadow imp hits you.
Ijyb zaps a wand.
The bolt of dispelling energy hits you!!
You hit Ijyb but do no damage.
Ijyb is moderately wounded.
The shadow imp shouts, "Escape, thou qualling half-faced canker-blossom!"
The shadow imp gestures at you. Pain shoots through your body!
* * * LOW HITPOINT WARNING * * *
Ijyb zaps a wand.
The bolt of dispelling energy hits you!
You die...

#.##.#####
#####...
#........#
#..<....
###.#....#
#.#####.
#...#...## ..
#. #.#####.# ##
#. #.).#...#
###.#.# #
#####...#####
#>..5@.......#
#....g.#.####.#
#..#####.# #.
.# .### # ..
..... ## ....K.
#. #. #.


You could see Ijyb and a shadow imp.

Vanquished Creatures
  A hound (D:3)
  An orc priest (D:3)
  Natasha (D:4)
  2 gnolls
  5 adders
  3 worms
  3 dart slugs
  5 orcs
  3 bats
  3 endoplasms (D:2)
  4 giant cockroaches
  4 goblins
  8 hobgoblins
  3 jackals (D:1)
  3 quokkas
  7 ball pythons
  3 frilled lizards (D:2)
  7 kobolds
  7 rats
73 creatures vanquished.

Vanquished Creatures (collateral kills)
  A gnoll (D:4)
1 creature vanquished.

Grand Total: 74 creatures vanquished

Notes
Turn   | Place    | Note
-------+----------+-------------------------------------------
     0 | D:1      | monsoonserge the Human Warper began the quest for the Orb.
     0 | D:1      | Reached XP level 1. HP: 16/16 MP: 3/3
   615 | D:1      | Reached XP level 2. HP: 22/22 MP: 5/5
   706 | D:1      | Reached XP level 3. HP: 26/27 MP: 6/6
   716 | D:1      | Learned a level 2 spell: Blink
   720 | D:1      | Learned a level 3 spell: Teleport Other
  1473 | D:2      | Reached XP level 4. HP: 29/34 MP: 7/7
  1598 | D:2      | Found Edghiunt's Magic Scroll Emporium.
  1723 | D:2      | Found Xasuckeil's Distillery.
  1742 | D:2      | Bought a potion of curing for 39 gold pieces
  1806 | D:2      | Found Aheu's Armour Boutique.
  1841 | D:2      | Found Semaixt's Weapon Shop.
  1872 | D:2      | Found Ocyhy's Antique Armour Shop.
  2380 | D:3      | Reached XP level 5. HP: 12/39 MP: 3/8
  3389 | D:4      | Noticed Duvessa
  3389 | D:4      | Noticed Dowan
  3496 | D:4      | Reached XP level 6. HP: 18/46 MP: 4/9
  3527 | D:3      | Reached skill level 1 in Evocations
  3739 | D:4      | Noticed Natasha
  3748 | D:4      | Killed Natasha
  3861 | D:4      | Noticed Edmund
  3971 | D:4      | Noticed Ijyb
  3978 | D:4      | Killed from afar by Ijyb

Illustrated notes

Levels and vault maps discovered:
D:1:      tarquinn_simple_flora_water_d, layout_basic
D:2:      layout_basic, serial_shops, nicolae_shop_trees, nicolae_shop_crystal,
          shop, shop, nicolae_square_shop
D:3:      layout_basic, feat_on_display
D:4:      layout_loops_ring, nicolae_ru_the_path_less_chosen,
          kennysheep_generic_room_3, uniq_duvessa, uniq_ijyb, uniq_natasha,
          uniq_edmund

Skill      XL: |  1  2  3  4  5  6 |
---------------+-------------------+-----
Long Blades    | 3 |  3.5
Armour         | 2 3 |  3.3
Evocations     | 1 |  1.0
Fighting       | |  2.7
Throwing       | |  1.0
Dodging        | |  2.8
Stealth        | |  0.4
Spellcasting   | |  2.0
Translocations | |  3.5

Action                     |  1- 3 |  4- 6 || total
---------------------------+-------+-------++-------
  Melee: Falchion          |    91 |   187 ||   278
         Punch             |       |     2 ||     2
  Throw: Javelin           |       |     3 ||     3
         Boomerang         |       |     2 ||     2
   Cast: Blink             |       |     4 ||     4
  Evoke: Wand              |       |     2 ||     2
    Use: Potion            |       |     1 ||     1
   Stab: Sleeping          |     1 |     3 ||     4
 Armour: Leather armour    |    31 |    27 ||    58
  Dodge: Dodged            |    59 |   126 ||   185
